 Dungeon Crawl Stone Soup version 0.27-a0-506-g2188dfaaa0 (webtiles) character file.

Game seed: 5791385404068272366

43831 Gaff the Spry (level 14, -6/136 HPs)
             Began as a Kobold Brigand on Mar 2, 2021.
             Was a High Priest of Uskayaw.
             Mangled by a death yak (11 damage)
             ... on level 2 of the Lair of Beasts on Mar 3, 2021.
             The game lasted 01:08:23 (19429 turns).

Gaff the Spry (Kobold Brigand)                     Turns: 19429, Time: 01:08:24

Health: -6/136     AC: 27    Str:  8    XL:     14   Next: 62%
Magic:  20/20      EV:  3    Int: 16    God:    Uskayaw [*****.]
Gold:   1345       SH: 13    Dex: 28    Spells: 13/13 levels left

rFire    + . .     SeeInvis .   b - +5 dagger (drain)
rCold    + . .     Faith    .   L - +0 buckler
rNeg     + + +     Spirit   .   (armour currently unavailable)
rPois    +         Reflect  +   (helmet currently unavailable)
rElec    +         Harm     .   (cloak currently unavailable)
rCorr    +         Rampage  .   (gloves currently unavailable)
Will     +....     NoTele   +   (boots currently unavailable)
Stlth    +++++++...             A - amulet of Curiosity {Reflect Int+4 SH+5}
HPRegen  0.32/turn              r - +6 ring of dexterity
MPRegen  0.17/turn              K - ring of positive energy

@: tree-form, resistant, studying 2 skills
A: small, nightstalker 3
a: Renounce Religion, Stomp, Line Pass, Grand Finale


You were on level 2 of the Lair of Beasts.
You worshipped Uskayaw.
Uskayaw was aware of your devotion.
You were a tree.
You visited 3 branches of the dungeon, and saw 17 of its levels.
You visited the Abyss 1 time.

You collected 1345 gold pieces.

Inventory:

Hand Weapons
 a - a +2 short sword of electrocution
 b - a +5 dagger of draining (weapon)
 B - a +3 scimitar of freezing
 M - a +1 dagger of distortion
 V - a +2 dagger of venom
Missiles
 d - 53 poisoned darts (quivered)
 i - 3 curare-tipped darts
 Y - a throwing net
Armour
 k - a +0 pair of gloves (melded)
 p - a +2 robe of resistance
 s - +0 swamp dragon scales
 y - a +1 helmet (melded)
 E - a +1 leather armour of willpower (melded)
 L - a +0 buckler (worn)
 S - a +0 pair of boots (melded)
 U - a +1 cloak of willpower (melded)
Jewellery
 r - a +6 ring of dexterity (left branch)
 A - the amulet of Curiosity (around neck) {Reflect Int+4 SH+5}
   (You found it on level 4 of the Dungeon)

   [amulet of reflection]

   It shields you and reflects attacks.
   It affects your intelligence (+4).
   It affects your SH (+5).
 K - a ring of positive energy (right branch)
 R - an amulet of regeneration
 W - a ring of protection from cold
 Z - a ring of flight
Wands
 c - a wand of paralysis (6)
 h - a wand of charming (8)
 o - a wand of flame (50)
 t - a wand of random effects (67)
 F - a wand of acid (8)
 G - a wand of digging (5)
 I - a wand of polymorph (6)
 X - a wand of iceblast (25)
Scrolls
 l - a scroll of enchant weapon
 n - 3 scrolls of fear {unknown}
 w - 6 scrolls of blinking {unknown}
 C - a scroll of acquirement {unknown}
 N - 6 scrolls of magic mapping {unknown}
 T - 3 scrolls of teleportation
Potions
 e - a potion of haste {unknown}
 f - 13 potions of curing {unknown}
 g - 4 potions of magic
 j - a potion of invisibility
 m - 3 potions of lignification
 q - 3 potions of resistance
 u - 2 potions of heal wounds {unknown}
 v - a potion of berserk rage
 x - a potion of attraction {unknown}
 z - 2 potions of might
 D - a potion of cancellation
 H - a potion of ambrosia {unknown}


   Skills:
 + Level 11.7 Fighting
 - Level 12.0 Short Blades
 - Level 2.1 Throwing
 + Level 5.7 Armour
 + Level 15.4 Dodging
 - Level 13.0 Stealth
 - Level 5.6 Shields
 + Level 8.9 Invocations
 - Level 3.9 Evocations


You had 13 spell levels left.
You didn't know any spells.
Your spell library contained the following spells:

 Spells                   Type           Power        Failure   Level
 Sandblast                Erth           0%           26%         1
 Sting                    Tmut/Pois      0%           26%         1
 Summon Small Mammal      Summ           0%           26%         1
 Call Imp                 Summ           0%           36%         2
 Passwall                 Tmut/Erth      0%           36%         2
 Poisonous Vapours        Pois/Air       0%           36%         2
 Call Canine Familiar     Summ           0%           58%         3
 Conjure Flame            Conj/Fire      0%           58%         3
 Ignite Poison            Fire/Tmut/Pois 0%           58%         3
 Mephitic Cloud           Conj/Pois/Air  0%           58%         3
 Stone Arrow              Conj/Erth      0%           58%         3
 Summon Guardian Golem    Hex/Summ       0%           58%         3
 Olgreb's Toxic Radiance  Pois           0%           94%         4
 Petrify                  Tmut/Erth      0%           94%         4
 Summon Ice Beast         Ice/Summ       0%           94%         4
 Summon Lightning Spire   Summ/Air       0%           94%         4
 Lee's Rapid Deconstruct  Erth           0%           100%        5
 Freezing Cloud           Conj/Ice/Air   0%           100%        6


Dungeon Overview and Level Annotations

Branches:
Dungeon (14/15)            Temple (1/1) D:4            Lair (2/6) D:11
    Orc (0/2) D:10         Vaults (0/5) D:13
  Swamp: Lair:2-4    Shoals: Lair:2-4     Snake: Lair:2-4    Spider: Lair:2-4

Altars:
Ashenzari
Cheibriados
Dithmenos
Elyvilon
Fedhas
Gozag
Hepliaklqana
Kikubaaqudgha
Makhleb
Nemelex Xobeh
Okawaru
Qazlal
Ru
Sif Muna
Trog
Uskayaw
Vehumet
Wu Jian
Xom
Yredelemnul
Zin
The Shining One

Shops:
D:14 [


Innate Abilities, Weirdness & Mutations

You are small and have problems with some larger weapons.
You are completely attuned to the shadows.


Message History

The death yak is lightly wounded.
The sentinel's mark upon you fades away.
You block the death yak's attack. The death yak barely misses you.
You hit the death yak.
The death yak is heavily wounded.
The death yak barely misses you.
You completely miss the death yak.
The death yak is heavily wounded.
You block the death yak's attack. The death yak barely misses you.
You hit the death yak but do no damage.
The death yak is heavily wounded.
The death yak gores you!!
* * * LOW HITPOINT WARNING * * *
It was a potion of magic.
Magic courses through your body.
The death yak completely misses you. x2; You block the death yak's attack.
The death yak misses you. The death yak closely misses you.
As you read the scroll of teleportation, it crumbles to dust.
You feel strangely unstable. The death yak completely misses you. x2
You block the death yak's attack. The death yak completely misses you.
You block the death yak's attack. The death yak misses you.
It was a potion of lignification.
You turn into a tree.
Your +1 cloak of willpower melds into your body.
Your +1 helmet melds into your body.
Your +0 pair of gloves melds into your body.
Your +0 pair of boots melds into your body.
Your +1 leather armour of willpower melds into your body.
You feel less strong-willed. x2; Your roots penetrate the ground.
You feel strangely stable. The death yak gores you.
* * * LOW HITPOINT WARNING * * *
You block the death yak's attack.
The death yak gores you but does no damage. x4
It was a potion of resistance.
You feel protected.
The death yak gores you but does no damage.
You block the death yak's attack.
The death yak gores you but does no damage.
You block the death yak's attack. The death yak gores you!
* * * LOW HITPOINT WARNING * * *
The death yak gores you!
You die...

#..... #..#.. ....<.
.###†. #.# #.# ####...
## ..# #.##.#.##
####Y#####.
........###....Y♣Y....
........P..P...YYY....
...<....P.............
........#..#...†......
........+ ##P†#######
.........# #P..#
##.'###### ##..##
##..# #...## #...#
###.†#


You could see 6 death yaks.

Vanquished Creatures
  Gastronok (D:8)
  5 hydras
  5 two-headed ogres
  A dancing weapon (D:13)
  A tengu warrior (D:10)
  The ghost of Beaer the Slicer, a journeyman VSBr of Okawaru (D:10)
  5 unseen horrors
  Pikel (D:8)
  2 deep elf pyromancers
  2 manticores
  2 ugly things
  6 cyclopes
  Maurice (D:8)
  4 elephants
  3 centaur zombies
  2 gargoyles
  Psyche (D:12)
  4 cane toads
  Maggie (D:6)
  8 komodo dragons
  A yaktaur (D:10)
  A tengu conjurer (D:10)
  2 trolls
  A polar bear (shapeshifter) (D:13)
  2 hornets
  Grinder (D:3)
  A polar bear (Lair:1)
  3 blink frogs (Lair:2)
  5 slime creatures
  A shadow (D:11)
  Sigmund (D:2)
  2 wyverns
  5 wraiths
  2 basilisks
  28 yaks
  A steam dragon (D:8)
  A warg (D:10)
  4 vampire mosquitoes (D:13)
  Menkaure (D:6)
  An acid dragon (D:13)
  A soldier ant (D:13)
  4 water moccasins
  4 ice beasts
  3 sky beasts
  3 black bears
  5 orc warriors
  9 wolves
  4 ogres
  9 centaurs
  3 lemures (D:8)
  4 phantoms
  14 bullfrogs
  3 kobold brigands
  Blork the orc (D:6)
  A wyvern zombie (D:14)
  A gnoll sergeant (D:7)
  3 scorpions
  6 killer bees (D:13)
  10 wights
  3 electric eels
  2 howler monkeys (D:12)
  4 quasits
  6 jellies
  4 orc priests
  2 bullfrog zombies (D:7)
  12 hounds
  5 centaur skeletons
  Crazy Yiuf (D:2)
  Terence (D:2)
  2 bullfrog skeletons
  2 gnoll shamans (D:4)
  4 iguanas
  13 orc wizards
  11 worker ants
  2 hound zombies
  A hound skeleton (D:7)
  A worker ant zombie (D:6)
  A howler monkey skeleton (D:10)
  14 gnolls
  10 adders
  A shadow imp (D:6)
  2 white imps (D:7)
  An ooze (D:5)
  2 adder zombies (D:7)
  An adder skeleton (D:6)
  4 worms (D:2)
  A dart slug (D:2)
  4 leopard geckos
  47 orcs
  5 giant cockroaches
  7 goblins
  5 hobgoblins
  18 jackals
  14 kobolds
  3 quokkas
  A ball python (D:1)
  4 bats
  3 frilled lizards
  A jackal skeleton (D:7)
  A jackal zombie (D:6)
  A leopard gecko skeleton (D:4)
  A quokka skeleton (D:7)
  A quokka zombie (D:7)
  20 rats
  A bush (D:2)
458 creatures vanquished.

Vanquished Creatures (others)
  2 fungi (Lair:2)
  19 plants
21 creatures vanquished.

Grand Total: 479 creatures vanquished

Notes
Turn   | Place    | Note
-------+----------+-------------------------------------------
     0 | D:1      | Gaff the Kobold Brigand began the quest for the Orb.
     0 | D:1      | Reached XP level 1. HP: 12/12 MP: 1/1
   184 | D:1      | Reached XP level 2. HP: 17/17 MP: 2/2
   715 | D:2      | Reached XP level 3. HP: 22/22 MP: 3/3
  1073 | D:2      | Noticed Terence
  1078 | D:2      | Killed Terence
  1079 | D:2      | Reached XP level 4. HP: 27/27 MP: 4/4
  1090 | D:2      | Noticed Sigmund
  1092 | D:2      | Killed Sigmund
  1093 | D:2      | Reached skill level 2 in Dodging
  1093 | D:2      | Reached XP level 5. HP: 31/31 MP: 5/5
  1093 | D:2      | Reached XP level 6. HP: 36/36 MP: 6/6
  1793 | D:2      | Found a runed translucent door.
  1796 | D:2      | Noticed Crazy Yiuf
  1801 | D:2      | Killed Crazy Yiuf
  1883 | D:3      | Noticed Grinder
  1887 | D:3      | Killed Grinder
  1888 | D:3      | Reached skill level 10 in Stealth
  1888 | D:3      | Reached XP level 7. HP: 40/40 MP: 7/7
  1930 | D:3      | Reached skill level 3 in Dodging
  2103 | D:3      | Found a sacrificial altar of Ru.
  2108 | D:3      | Became a worshipper of Ru the Awakened
  2490 | D:4      | Found a staircase to the Ecumenical Temple.
  2496 | Temple   | Entered the Ecumenical Temple
  2776 | Temple   | Fell from the grace of Ru
  2776 | Temple   | Became a worshipper of Uskayaw the Reveller
  2866 | D:4      | Reached * piety under Uskayaw
  2936 | D:4      | Reached ** piety under Uskayaw
  2938 | D:4      | Reached *** piety under Uskayaw
  3141 | D:4      | Reached skill level 5 in Short Blades
  3417 | D:4      | Reached skill level 4 in Dodging
  3422 | D:4      | Reached XP level 8. HP: 46/46 MP: 8/8
  3527 | D:4      | Identified the amulet of Curiosity {Reflect Int+4 SH+5}
  3869 | D:5      | Entered Level 5 of the Dungeon
  4022 | D:5      | Reached skill level 1 in Armour
  4356 | D:5      | Found a basalt altar of Yredelemnul.
  5129 | D:6      | Reached skill level 5 in Dodging
  5393 | D:6      | Noticed Maggie
  5397 | D:6      | Killed Maggie
  5398 | D:6      | Reached skill level 6 in Dodging
  5398 | D:6      | Reached skill level 1 in Shields
  5398 | D:6      | Reached XP level 9. HP: 52/52 MP: 9/9
  5500 | D:6      | Noticed Blork the orc
  5514 | D:6      | Killed Blork the orc
  5611 | D:6      | Noticed Menkaure
  5630 | D:6      | Killed Menkaure
  5631 | D:6      | Reached skill level 7 in Dodging
  5631 | D:6      | Reached **** piety under Uskayaw
  6160 | D:7      | Noticed a troll
  6161 | D:7      | Killed a troll
  6196 | D:7      | Reached skill level 8 in Dodging
  6273 | D:7      | Noticed a hornet
  6313 | D:7      | Killed a hornet
  6314 | D:7      | Reached XP level 10. HP: 50/58 MP: 10/10
  6596 | D:7      | Reached skill level 9 in Dodging
  6659 | D:7      | Reached skill level 5 in Fighting
  7255 | D:7      | Found a sacrificial altar of Ru.
  7842 | D:7      | Noticed a deep elf pyromancer
  7846 | D:7      | Killed a deep elf pyromancer
  7847 | D:7      | Reached skill level 10 in Dodging
  7888 | D:7      | Killed an unseen horror
  7888 | D:7      | Noticed a gargoyle
  8130 | D:8      | Noticed Gastronok
  8200 | D:8      | Killed Gastronok
  8201 | D:8      | Reached skill level 10 in Short Blades
  8201 | D:8      | Reached skill level 11 in Dodging
  8201 | D:8      | Reached XP level 11. HP: 14/67 MP: 11/11
  8828 | D:8      | Reached skill level 12 in Dodging
  9474 | D:8      | Noticed Maurice
  9529 | D:8      | Killed Maurice
  9944 | D:8      | Noticed Pikel
 10007 | D:8      | Killed Pikel
 10648 | D:10     | Entered Level 10 of the Dungeon
 10769 | D:10     | Found a runed translucent gate.
 10840 | D:10     | Found a runed translucent gate.
 10841 | D:10     | Found a runed translucent gate.
 10851 | D:10     | Found a staircase to the Orcish Mines.
 10905 | D:10     | Noticed a two-headed ogre
 10909 | D:10     | Killed a two-headed ogre
 10910 | D:10     | Reached skill level 1 in Invocations
 10910 | D:10     | Reached skill level 1 in Evocations
 10984 | D:10     | Upgraded the game from 0.27-a0-492-ga4bb394fd4 to
                  | 0.27-a0-506-g2188dfaaa0
 11030 | D:10     | Noticed a manticore
 11034 | D:10     | Killed a manticore
 11035 | D:10     | Noticed a tengu warrior
 11060 | D:10     | Killed a tengu warrior
 11065 | D:10     | Reached ***** piety under Uskayaw
 11084 | D:10     | Reached skill level 13 in Dodging
 11084 | D:10     | Reached XP level 12. HP: 66/75 MP: 13/13
 11130 | D:10     | Reached ****** piety under Uskayaw
 11134 | D:10     | Killed an unseen horror
 11157 | D:10     | Identified the +3 great sword "Nasigg" {vorpal, Int+6}
 11162 | D:10     | Identified the +2 robe "Lasiew" {Dex+4}
 11198 | D:10     | Noticed a two-headed ogre
 11331 | D:10     | Noticed a two-headed ogre
 11338 | D:10     | Killed a two-headed ogre
 11396 | D:10     | Killed an unseen horror
 11417 | D:10     | Killed an unseen horror
 11576 | D:10     | Killed a two-headed ogre
 11727 | D:10     | Found a glowing golden altar of the Shining One.
 12403 | D:10     | Noticed Beaer's ghost (journeyman VSBr)
 12440 | D:10     | Killed Beaer's ghost
 12839 | D:11     | Reached skill level 5 in Invocations
 12846 | D:11     | Reached XP level 13. HP: 61/80 MP: 16/16
 12942 | D:11     | Found a staircase to the Lair.
 12993 | Lair:1   | Entered Level 1 of the Lair of Beasts
 13170 | D:11     | Reached skill level 14 in Dodging
 13417 | D:11     | Reached skill level 10 in Fighting
 15101 | D:12     | Noticed Psyche
 15106 | D:12     | Cast into level 2 of the Abyss (Psyche)
 15172 | D:12     | Escaped the Abyss
 15176 | D:12     | Killed Psyche
 16191 | D:13     | Found a gate to the Vaults.
 16932 | D:14     | Found Moopuh's Armour Boutique.
 17132 | D:14     | Noticed an eight-headed hydra
 17137 | D:14     | Killed an eight-headed hydra
 17141 | D:14     | Reached XP level 14. HP: 90/90 MP: 19/19
 17737 | Lair:1   | Reached skill level 5 in Shields
 17752 | Lair:1   | Reached skill level 15 in Dodging
 17993 | Lair:1   | Reached skill level 5 in Armour
 19429 | Lair:2   | HP: 5/136 [death yak (10)]
 19429 | Lair:2   | Mangled by a death yak

Illustrated notes

Levels and vault maps discovered:
D:1:      amcnicky_arrival_underground_garden, layout_rooms
D:2:      layout_loops_corners, uniq_terence, uniq_sigmund,
          uniq_crazy_yiuf_cottage
D:3:      layout_rooms, nicolae_ru_path_of_blood, uniq_grinder
D:4:      layout_basic, temple_hall, corexii_corridor_pit, minmay_rat_hole
D:5:      layout_basic, basic_altar
D:6:      layout_basic, serial_co_window_serial, co_window_paths_b,
          co_window_of_opportunity_a, co_window_paths_b, co_window_paths_a,
          co_window_paths_b, co_window_unsneaky_path_a, co_window_broadway_a,
          co_window_broadway_b, co_window_corner_cb, glass_columns_a,
          glass_columns_a, uniq_menkaure, uniq_maggie, uniq_blork_the_orc
D:7:      nzn_winding_woodlands_stair_cross
          [nzn_winding_woodlands_5x15_sawtooth,
          nzn_winding_woodlands_center_triple_pond,
          nzn_winding_woodlands_5x15_pathside_ponds,
          nzn_winding_woodlands_hourglass,
          nzn_winding_woodlands_5x5_closed_star,
          nzn_winding_woodlands_5x15_longhouse,
          nzn_winding_woodlands_center_garden,
          nzn_winding_woodlands_5x15_river_crossing], layout_loops_ring,
          basic_altar, skrybe_limestone_x, minmay_misc_feat_nine_boxes,
          kb_rosetta
D:8:      layout_basic, kennysheep_another_room, uniq_maurice, uniq_gastronok,
          uniq_pikel
D:9:      layout_roguey, grunt_ogre_cave, lemuel_statue_altar
D:10:     minmay_the_grid_octo_tiled_octocenter [minmay_the_grid_octo_clover,
          minmay_the_grid_octo_clover_2, minmay_the_grid_octo_77,
          minmay_the_grid_octo_empty, minmay_the_grid_octo_prize_star,
          minmay_the_grid_square_5x5_tetrominoes,
          minmay_the_grid_square_5x5_two, minmay_the_grid_square_5x5_lines,
          minmay_the_grid_square_5x5_pentomino_r], layout_basic, david_orc_3,
          basic_altar, gammafunk_ghost_spectres, chequers_mini_garden
D:11:     layout_stronghold, david_lair_generic
D:12:     layout_loops_corners, uniq_psyche
D:13:     layout_irregular_city, erik_vaults_1, grunt_decor_one_mirror
D:14:     layout_long_grid, serial_shops, nicolae_shop_behind_doors,
          minmay_crystal_room
Temple:   kilobyte_greek_temple
Lair:1:   layout_cave_pods, grunt_forest_small_clearing_treed,
          infiniplex_staircase_pool_2, serial_bayou_shore_a
Lair:2:   layout_roguey

Skill      XL: |  1  2  3  4  5  6  7  8  9 10 11 12 13 14 |
---------------+-------------------------------------------+-----
Stealth        | 6 7 8 10 12 13 | 13.0
Short Blades   | 3 5 6 8 10 11 12 | 12.0
Dodging        | 2 4 6 8 11 13 14 15 | 15.4
Fighting       | 3 4 7 8 9 11 | 11.7
Armour         | 2 3 4 5 |  5.7
Shields        | 1 4 5 |  5.6
Invocations    | 2 5 7 8 |  8.9
Evocations     | 2 3 |  3.9
Throwing       | |  2.1

Action                   |  1- 3 |  4- 6 |  7- 9 | 10-12 | 13-15 || total
-------------------------+-------+-------+-------+-------+-------++-------
Melee: Dagger            |    44 |    58 |   352 |   550 |   275 ||  1279
       Short sword       |       |       |       |   252 |   444 ||   696
Throw: Dart              |     1 |    12 |     4 |    31 |       ||    48
       Boomerang         |       |       |       |     1 |     2 ||     3
Invok: Stomp             |       |       |     1 |     3 |     8 ||    12
       Line Pass         |       |       |     1 |       |     1 ||     2
Evoke: Wand              |       |       |       |       |     4 ||     4
  Use: Scroll            |       |       |     8 |     6 |     5 ||    19
       Potion            |       |       |       |       |     3 ||     3
 Stab: Sleeping          |    18 |    12 |    39 |    27 |    58 ||   154
       Paralysed         |       |       |     5 |    17 |    26 ||    48
       Distracted        |       |       |     2 |     5 |     4 ||    11
       Confused          |       |       |       |       |     1 ||     1
Armor: Robe              |     6 |     3 |     2 |       |       ||    11
       Leather armour    |       |       |    33 |    56 |    30 ||   119
       Skin              |       |       |       |       |     6 ||     6
Dodge: Dodged            |    17 |     2 |   206 |   506 |   353 ||  1084
Block: Other             |       |       |    51 |   114 |    19 ||   184
       Reflection        |       |       |       |     6 |     4 ||    10
       Buckler           |       |       |       |       |   196 ||   196

Table legend: (Time is in decaauts)
 A = Elapsed time spent in this place.
 B = Non-inter-level travel time spent in this place.
 C = Inter-level travel time spent in this place.
 D = Time resting spent in this place.
 E = Time spent auto-exploring this place.
 F = Levels seen in this place.
 G = Mean time per level.
                   A        B        C        D        E       F      G
               +--------+--------+--------+--------+--------+-----+--------+
         Total |  18614 |  18236 |    378 |   2488 |  11557 |  19 |  979.7 |
       Dungeon |  16571 |  16236 |    335 |   2488 |   9965 |  14 | 1183.6 |
        Temple |    318 |    281 |     37 |      0 |    244 |   1 |  318.0 |
          Lair |   1658 |   1653 |      5 |      0 |   1347 |   2 |  829.0 |
         Abyss |     65 |     65 |      0 |      0 |      0 |   2 |   32.5 |
               +--------+--------+--------+--------+--------+-----+--------+

Top non-repeatable levels by time:
     D:8: 1851 daAuts
     D:7: 1808 daAuts
    D:10: 1744 daAuts
    D:11: 1704 daAuts
    D:12: 1322 daAuts
  Lair:1: 1298 daAuts
     D:2: 1212 daAuts
    D:13: 1210 daAuts
     D:5: 1142 daAuts
     D:4: 1125 daAuts
     D:6: 1090 daAuts
     D:1: 616 daAuts
     D:9: 601 daAuts
    D:14: 593 daAuts
     D:3: 548 daAuts
